AoeStats
← juankmolo

Arabia

510011285Analyzed
2v2 RM · 3d ago on Sep 29, 2026· 37m 27s· 4 players
Game mode
Random Map
Map size
Medium (4 player)
Population
200
Speed
Normal
Resources
Standard
Victory
Conquest
Starting age
Dark Age
Ending age
Imperial Age
RankedLock teamsTeams togetherTeam positionsShared explorationLock speedFull tech treeHidden civsTurbo modeCheats
Victory
Defeat
🇨🇴 Hindustanis · Colombia
1006
+13
🇨🇴 Franks · Colombia
983
+13
🇨🇴 Khmer · Colombia
929
-13
🇨🇴 Poles · Colombia
928
-13
Shakita
6:11 Loom
9:08 Feudal Age
9:53 Double-Bit Axe
23:07 Castle Age
24:24 Gold Mining
24:23 Horse Collar
25:29 Husbandry
25:40 Bloodlines
25:43 Scale Barding Armor
25:48 Forging
25:32 Fletching
26:43 Szlachta Privileges
26:54 Heavy Plow
30:52 Bodkin Arrow
KilL3R
6:36 Loom
6:39 Loom
10:26 Feudal Age
11:45 Double-Bit Axe
11:42 Horse Collar
18:10 Castle Age
28:43 Crossbowman
29:56 Fletching
juankmolo
3:57 Loom
10:50 Feudal Age
23:24 Castle Age
23:33 Stone Mining
23:34 Gold Mining
24:10 Forging
24:06 Scale Barding Armor
24:02 Scale Mail Armor
24:00 Double-Bit Axe
24:22 Husbandry
24:01 Pikeman
25:30 Squires
26:05 Bow Saw
27:17 Chain Barding Armor
29:22 Iron Casting
32:11 Wheelbarrow
danilocanase
8:50 Feudal Age
7:06 Loom
9:32 Double-Bit Axe
11:55 Horse Collar
17:39 Scale Barding Armor
19:46 Castle Age
17:57 Forging
18:53 Bloodlines
19:58 Gold Mining
24:11 Iron Casting
25:46 Husbandry
27:33 Chain Barding Armor
27:39 Fletching
34:59 Imperial Age
32:27 Stone Mining
32:49 Bow Saw
32:40 Heavy Plow
33:38 Wheelbarrow
32:49 Town Watch
33:59 Bodkin Arrow
35:17 Heavy Camel Rider
36:34 Plate Barding Armor
37:18 Conscription
Connection lost

Rejoining the realm…

Still unreachable

The connection could not be restored.

Session expired

The server has moved on; the page needs a fresh start.